 Dungeon Crawl Stone Soup version 0.24.0-125-gc4c63601f3 (console) character file.

Game seed: 9193795075905460881, levelgen mode: deterministic

248 Kagalorn the Tainter (level 6, 0/36 HPs)
             Began as an Octopode Venom Mage on Mar 11, 2020.
             Killed by divine providence
             ... invoked by an orc priest
              (15 damage)
             ... on level 3 of the Dungeon.
             The game lasted 00:05:36 (3048 turns).

Kagalorn the Tainter (Octopode Venom Mage)          Turns: 3048, Time: 00:05:37

Health: 0/36       AC:  1    Str:  8    XL:     6   Next: 12%
Magic:  4/9        EV: 13    Int: 19    God:
Gold:   76         SH:  0    Dex: 12    Spells: 6/9 levels left

rFire    . . .     SeeInvis .   a - +1 dagger (vamp)
rCold    . . .     Gourm    .   (no shield)
rNeg     . . .     Faith    .   (helmet restricted)
rPois    .         Spirit   .   (no amulet)
rElec    .         Reflect  .   (no ring)
rCorr    .         Harm     .   (no ring)
MR       .....                  (no ring)
Stlth    +++.......             (no ring)
HPRegen  0.12/turn              (no ring)
MPRegen  0.11/turn              (no ring)
                                (no ring)
                                (no ring)

@: no status effects
A: almost no armour, stealthy swim, amphibious, 8 rings, constrict 8, camouflage
1, gelatinous body 1
a: no special abilities


You were on level 3 of the Dungeon.
You were not hungry.

You visited 1 branch of the dungeon, and saw 3 of its levels.

You collected 76 gold pieces.

Inventory:

Hand Weapons
 a - a +1 vampiric dagger (weapon)
 n - a +0 short sword of venom
Missiles
 i - 3 silver boomerangs (quivered)
 j - 5 javelins
 m - 217 stones
 o - 7 poisoned darts
Jewellery
 q - a cursed amulet of inaccuracy {unknown}
Scrolls
 c - a scroll of remove curse {unknown}
 d - a scroll of enchant weapon {unknown}
 h - 4 scrolls of identify {unknown}
 k - a scroll of magic mapping {unknown}
 l - a scroll of teleportation {unknown}
Potions
 e - a potion of flight {unknown}
 f - a potion of resistance {unknown}
 g - 2 potions of lignification {unknown}
Comestibles
 b - a ration
 p - 2 chunks of flesh


   Skills:
 - Level 2.0 Dodging
 - Level 2.6 Stealth
 - Level 2.0 Spellcasting
 - Level 1.0 Conjurations
 + Level 8.0 Poison Magic


You had 6 spell levels left.
You knew the following spells:

 Your Spells              Type           Power        Failure   Level  Hunger
a - Sting                 Conj/Pois      ###.         2%          1    #......
b - Poisonous Vapours     Pois/Air       ###...       4%          2    ###....

Your spell library contained the following spells:

 Spells                   Type           Power        Failure   Level  Hunger
 Olgreb's Toxic Radiance  Pois           ####....     6%          4    #####..
 Mephitic Cloud           Conj/Pois/Air  ##......     14%         3    ###....
 Venom Bolt               Conj/Pois      ###.......   58%         5    ######.


Dungeon Overview and Level Annotations

Branches:
Dungeon (3/15)

Altars:
Elyvilon
Fedhas
Gozag
Nemelex Xobeh
Ru
Yredelemnul


Innate Abilities, Weirdness & Mutations

You cannot wear most types of armour.
You are very stealthy in the water. (Stealth+)
You are amphibious.
You can wear up to eight rings at the same time.
You can use your tentacles to constrict eight enemies at once.
Your skin changes colour to match your surroundings (Stealth+).
Your rubbery body absorbs attacks. (AC +1, EV +1)


Message History

Aiming: Poisonous Vapours (safe; 4% risk of failure)
Press: ? - help, Dir - move target cursor, f/p - adder
Aim: an adder (heavily wounded, poisoned) Poisonous vapours surround the adder!
The adder is engulfed in poison gas.
The adder looks even sicker.
The adder closely misses you.
You hit the adder but do no damage. Your grab misses the adder.
The adder is almost dead.
You kill the adder!
Your Poison Magic skill increases to level 8!
A goblin and an orc priest come into view.
The orc priest shouts!
The orc priest calls down the wrath of Beogh upon you.
Beogh smites you!
The goblin shouts!
The orc priest calls down the wrath of Beogh upon you.
Beogh smites you!
You see here 17 stones.
The orc priest mumbles some strange prayers to Beogh against you.
Beogh smites you!
You die...

#. #.#...#
#.........
#.##..o..
+.........
#......g.
#.........
#......
#.......#
#.....#
##.....##
#.....# ##...##
#....(# ##'##
####.## #.#
#@###### #.#
#.#....# ##)##
#.#.##.#
##...###
#......##
#...>..#
###.....#
##...#.#
#.....#####.##.#
#.....).........
#.....#####.##.#
#.....# #.##.#


You could see an orc priest and a goblin.

Vanquished Creatures
  An ogre (D:1)
  An iguana (D:3)
  6 adders
  An ooze (D:3)
  4 dart slugs (D:1)
  2 leopard geckos
  3 orcs (D:3)
  3 giant cockroaches
  8 hobgoblins
  7 kobolds
  2 quokkas
  7 bats
  13 frilled lizards
  10 goblins
  7 rats
75 creatures vanquished.

Notes
Turn   | Place    | Note
-------+----------+-------------------------------------------
     0 | D:1      | Kagalorn the Octopode Venom Mage began the quest for the
                  | Orb.
     0 | D:1      | Reached XP level 1. HP: 11/11 MP: 3/3
   102 | D:1      | Reached skill level 4 in Poison Magic
   222 | D:1      | Reached XP level 2. HP: 14/17 MP: 1/5
   226 | D:1      | Learned a level 2 spell: Poisonous Vapours
   471 | D:1      | Reached skill level 5 in Poison Magic
   471 | D:1      | Reached XP level 3. HP: 16/21 MP: 2/6
   957 | D:2      | Noticed an ogre
   970 | D:1      | Killed an ogre
   970 | D:1      | Reached skill level 6 in Poison Magic
   970 | D:1      | Reached XP level 4. HP: 27/27 MP: 1/7
   970 | D:1      | Reached XP level 5. HP: 31/31 MP: 1/8
  1046 | D:2      | Found a blossoming altar of Fedhas.
  1100 | D:2      | Reached skill level 7 in Poison Magic
  1679 | D:2      | Found a white marble altar of Elyvilon.
  1804 | D:2      | Found a sparkling altar of Nemelex Xobeh.
  1809 | D:2      | Found a basalt altar of Yredelemnul.
  1810 | D:2      | Found an opulent altar of Gozag.
  2462 | D:3      | Found a sacrificial altar of Ru.
  2518 | D:3      | Reached XP level 6. HP: 16/36 MP: 6/9
  3043 | D:3      | Reached skill level 8 in Poison Magic
  3048 | D:3      | Killed from afar by an orc priest

Levels and vault maps discovered:
D:1:      minmay_arrival_stair_chambers, layout_loops_ring, minmay_lizard_king
D:2:      layout_basic, lemuel_round_altar, minitemple,
          nicolae_overflow_crystal_walls
D:3:      layout_loops_corners, nicolae_ru_the_path_less_chosen

Skill      XL: |  1  2  3  4  5  6 |
---------------+-------------------+-----
Poison Magic   | 4 5 6 7 8 |  8.0
Dodging        | |  2.0
Stealth        | |  2.6
Spellcasting   | |  2.0
Conjurations   | |  1.0

Action                   |  1- 3 |  4- 6 || total
-------------------------+-------+-------++-------
Melee: Unarmed           |    49 |    32 ||    81
       Constrict         |    12 |    14 ||    26
       Tentacles         |     5 |     9 ||    14
       Dagger            |       |    29 ||    29
 Cast: Sting             |    41 |    11 ||    52
       Poisonous Vapours |     3 |    23 ||    26
 Stab: Sleeping          |     4 |     5 ||     9
  Eat: Chunk             |     1 |     8 ||     9
Armor: Skin              |     9 |     2 ||    11
Dodge: Dodged            |    37 |    42 ||    79
